 Dungeon Crawl Stone Soup version 0.25-a0-1036-g6f112fb28d (webtiles) character file.

Game seed: 16367337263305306976, levelgen mode: deterministic

303 Maedhros the Insei (level 6, 0/38 HPs)
             Began as an Octopode Artificer on May 13, 2020.
             Slain by an orc wizard
             ... wielding a +0 dagger
              (2 damage)
             ... on level 5 of the Dungeon.
             The game lasted 00:04:03 (703 turns).

Maedhros the Insei (Octopode Artificer)              Turns: 703, Time: 00:04:04

Health: 0/38       AC:  1    Str: 11    XL:     6   Next: 38%
Magic:  8/8        EV: 13    Int: 14    God:
Gold:   32         SH:  0    Dex: 14    Spells: 5/5 levels left

rFire    . . .     SeeInvis .     - Unarmed
rCold    . . .     Gourm    .   (no shield)
rNeg     . . .     Faith    .   (helmet restricted)
rPois    .         Spirit   .   (no amulet)
rElec    .         Reflect  .   (no ring)
rCorr    .         Harm     .   (no ring)
MR       .....                  (no ring)
Stlth    ++++......             (no ring)
HPRegen  0.12/turn              (no ring)
MPRegen  0.11/turn              (no ring)
                                (no ring)
                                (no ring)

@: hasted, very quick
A: almost no armour, stealthy swim, amphibious, 8 rings, constrict 8, camouflage
1, gelatinous body 1
a: no special abilities


You were on level 5 of the Dungeon.
You were not hungry.

You visited 1 branch of the dungeon, and saw 5 of its levels.

You collected 32 gold pieces.

Inventory:

Wands
 b - a wand of flame (7)
 c - a wand of enslavement (10)
 l - a wand of polymorph (12)
Scrolls
 e - 2 scrolls of teleportation {unknown}
 g - a scroll of amnesia {unknown}
 h - a scroll of identify {unknown}
 i - 4 scrolls of remove curse {unknown}
 j - a scroll of enchant armour {unknown}
 k - a scroll of enchant weapon {unknown}
 m - a scroll of noise {unknown}
Potions
 n - a potion of haste
Comestibles
 f - 6 rations


   Skills:
 - Level 1.0 Fighting
   Level 1.0 Short Blades
 - Level 2.0 Dodging
 - Level 4.0 Stealth
 + Level 5.4 Unarmed Combat
 - Level 3.2 Evocations


You had 5 spell levels left.
You didn't know any spells.
Your spell library was empty.

Dungeon Overview and Level Annotations

Branches:
Dungeon (5/15)
 Temple: D:4-7

Altars:
Kikubaaqudgha

Shops:
D:5 *


Innate Abilities, Weirdness & Mutations

You cannot wear most types of armour.
You are very stealthy in the water. (Stealth+)
You are amphibious.
You can wear up to eight rings at the same time.
You can use your tentacles to constrict eight enemies at once.
Your skin changes colour to match your surroundings (Stealth+).
Your rubbery body absorbs attacks. (AC +1, EV +1)


Message History

The crimson imp hits you.
* * * LOW HITPOINT WARNING * * *
You miss the crimson imp. Your grab misses the crimson imp.
Your squeeze misses the crimson imp.
The crimson imp is severely wounded.
You tentacle-slap the crimson imp. You grab the crimson imp.
The crimson imp is almost dead.
You constrict the crimson imp, but do no damage.
The crimson imp misses you.
You tentacle-slap the crimson imp.
The crimson imp is almost dead.
You constrict the crimson imp, but do no damage.
The crimson imp hits you.
* * * LOW HITPOINT WARNING * * *
You tentacle-slap the crimson imp.
You kill the crimson imp!
An orc and an orc wizard come into view.
The orc wizard shouts!
The iguana hisses angrily.
The orc wizard hits you with a +0 dagger.
You die...

##..^....## ####### #.........#
#.....# #.........####.....##
#.........#.........#
#.........#.........##
#.........#...#####..#
##.......##.#### ##.# ###
#.........#.##.# #.# ##†#
.###...........#@#### #.# ##.###
...........[...#)o#.# #.###(#..#
#...........†#.#.o.####.##.##.##
####...........#....#.#.#.#...#
.........†..#..##.l..###.##..##
#####.......#.###...#.#.#[...##
#..#....... ##...####..#..##
#..#........###....##...#...#
#.##........#.#.#..##.#.#.#.#


You could see an iguana, an orc wizard and an orc.

Vanquished Creatures
  A scorpion (D:5)
  A howler monkey (D:5)
  2 crimson imps (D:5)
  2 worker ants (D:5)
  An orc wizard (D:5)
  4 gnolls (D:4)
  A shadow imp (D:5)
  A dart slug (D:1)
  2 leopard geckos (D:5)
  An orc (D:5)
  4 bats
  3 kobolds
  A ball python zombie (D:5)
24 creatures vanquished.

Vanquished Creatures (collateral kills)
  An ooze (D:5)
  A leopard gecko (D:5)
  An orc (D:5)
  2 jackals (D:5)
5 creatures vanquished.

Vanquished Creatures (others)
  A bullfrog skeleton (D:5)
  A hound (D:5)
  A worker ant (D:5)
3 creatures vanquished.

Grand Total: 32 creatures vanquished

Notes
Turn   | Place    | Note
-------+----------+-------------------------------------------
     0 | D:1      | Maedhros the Octopode Artificer began the quest for the
                  | Orb.
     0 | D:1      | Reached XP level 1. HP: 13/13 MP: 3/3
    81 | D:1      | Reached XP level 2. HP: 12/18 MP: 4/4
   177 | D:4      | Reached skill level 1 in Unarmed Combat
   177 | D:4      | Reached XP level 3. HP: 12/23 MP: 5/5
   183 | D:4      | Reached skill level 2 in Unarmed Combat
   224 | D:4      | Found an ancient bone altar of Kikubaaqudgha.
   244 | D:4      | Noticed a phantom
   327 | D:5      | Entered Level 5 of the Dungeon
   332 | D:5      | Reached XP level 4. HP: 6/28 MP: 6/6
   339 | D:5      | Found Biaskuh's General Store.
   466 | D:5      | Reached skill level 3 in Unarmed Combat
   466 | D:5      | Reached XP level 5. HP: 11/33 MP: 7/7
   497 | D:5      | Reached skill level 4 in Unarmed Combat
   671 | D:5      | Reached skill level 5 in Unarmed Combat
   671 | D:5      | Reached XP level 6. HP: 24/38 MP: 8/8
   703 | D:5      | Slain by an orc wizard

Illustrated notes

Levels and vault maps discovered:
D:1:      scummos_arrival_simple_crosswalls, layout_rooms
D:2:      layout_basic
D:3:      layout_loops_ring, marbit_many_paths, corner_web_ring
D:4:      minmay_recursive_quarters, layout_rooms,
          grunt_temple_overflow_opulence, kennysheep_mini, first_ration,
          item_on_display_a
D:5:      wad_crossroads, layout_rooms, serial_shops, shop_statue

Skill      XL: |  1  2  3  4  5 |
---------------+----------------+-----
Stealth        | 3 4 |  4.0
Unarmed Combat | 1 2 3 5 |  5.4
Fighting       | |  1.0
Short Blades   | |  1.0
Dodging        | |  2.0
Evocations     | |  3.2

Action                   |  1- 3 |  4- 6 || total
-------------------------+-------+-------++-------
Melee: Short sword       |    13 |       ||    13
       Constrict         |     8 |    10 ||    18
       Tentacles         |     4 |     9 ||    13
       Unarmed           |    10 |    50 ||    60
       Punch             |       |     1 ||     1
Evoke: Wand              |     7 |    21 ||    28
  Use: Potion            |     2 |     2 ||     4
 Stab: Sleeping          |     1 |     2 ||     3
Armor: Skin              |     3 |     1 ||     4
Dodge: Dodged            |    12 |    23 ||    35

Table legend:
 A = Non-vault XP
 B = Vault XP
 C = Vault XP percentage of total XP
 D = Non-vault monster count
 E = Vault monster count
 F = Vault count percentage of total count
                 A         B        C        D         E       F
            +---------+---------+-------+---------+---------+-------
      Total |     373 |      61 |  14.1 |      27 |       3 |  10.0
            +---------+---------+-------+---------+---------+-------
        D:1 |      12 |       0 |   0.0 |       6 |       0 |   0.0
        D:3 |       3 |       0 |   0.0 |       2 |       0 |   0.0
        D:4 |      60 |       0 |   0.0 |       4 |       0 |   0.0
        D:5 |     298 |      61 |  17.0 |      15 |       3 |  16.7
            +---------+---------+-------+---------+---------+-------
